 Dungeon Crawl Stone Soup version 0.17-a0-1078-g243345b (webtiles) character file.

620 onwiheg the Slasher (level 7, 0/35 HPs)
             Began as a Vine Stalker Berserker on May 19, 2015.
             Was a Priest of Trog.
             Succumbed to kobold's curare-tipped needle
             ... on level 4 of the Dungeon.
             The game lasted 00:10:47 (3480 turns).

onwiheg the Slasher (Vine Stalker Berserker)        Turns: 3480, Time: 00:10:48

Health: 0/35       AC:  7    Str: 25    XL:     7   Next: 46%
Magic:  3/8        EV: 10    Int:  2    God:    Trog [***...]
Gold:   198        SH:  0    Dex: 13    Spells: 0 memorised, 6 levels left

rFire  + . .     SeeInvis .     a - +0 falchion
rCold  + . .     Clarity  .     e - +0 scale mail
rNeg   . . .     SustAb   .     (no shield)
rPois  +         Gourm    .     G - +0 helmet
rElec  +         Spirit   +     (no cloak)
rCorr  +         Warding  .     (no gloves)
rMut   .         Stasis   .     (no boots)
MR     .....                    (no amulet)
Stlth  ..........               o - -5 ring of intelligence (curse)
                                h - +3 ring of strength

@: lethally poisoned (0 -> -13), resistant, slowed, very slow, not resistant to
hostile enchantments, extremely unstealthy
A: fangs 2, regeneration 2, magic shield, antimagic bite, no device heal 3, rot
immunity
a: Burn Spellbooks, Berserk, Trog's Hand, Renounce Religion


You were on level 4 of the Dungeon.
You worshipped Trog.
Trog was most pleased with you.
You were not hungry.

You visited 1 branch of the dungeon, and saw 4 of its levels.

You collected 198 gold pieces.

Inventory:

Hand weapons
 a - a +0 falchion (weapon)
 x - a +0 long sword
Missiles
 j - 22 poisoned needles
 k - 5 javelins (quivered)
 l - 6 curare-tipped needles
Armour
 b - a +0 animal skin
 e - a +0 scale mail (worn)
 p - a +1 leather armour of cold resistance
 C - the +4 ring mail "Qasompia" {-Tele MR++ rCorr Str-5, unknown}
   (You found it on level 4 of the Dungeon)

   It affects your strength (-5).
   It affects your resistance to hostile enchantments.
   It prevents most forms of teleportation.
   It protects you from acid and corrosion.
 G - a +0 helmet (worn)
Jewellery
 h - a +3 ring of strength (left hand)
 o - a cursed -5 ring of intelligence (right hand)
 u - an uncursed ring of invisibility {unknown}
 z - an uncursed ring of sustain abilities {unknown}
Magical devices
 F - a wand of slowing (33)
Scrolls
 d - 4 scrolls of remove curse {unknown}
 f - 4 scrolls of identify {unknown}
 g - a scroll of enchant armour {unknown}
 m - a scroll of recharging {unknown}
 q - 2 scrolls of fog {unknown}
 s - a scroll of blinking {unknown}
 t - 3 scrolls of immolation {unknown}
 w - 2 scrolls of enchant weapon {unknown}
 A - a scroll of amnesia {unknown}
 H - 2 scrolls of teleportation {unknown}
 K - a scroll of magic mapping {unknown}
Potions
 i - a potion of curing {unknown}
 n - 2 potions of resistance
 r - a potion of heal wounds {unknown}
 v - a potion of agility {unknown}
 D - a potion of cancellation {unknown}
 E - a potion of mutation {unknown}
 I - a potion of flight {unknown}
Books
 y - a Grand Grimoire {highlevel, unknown}

   This book is beyond your current level of understanding.

   Spells                             Type                      Level
   a - Monstrous Menagerie            Summoning                    6
   b - Summon Greater Demon           Summoning                    7
   c - Malign Gateway                 Summoning/Translocation      7
   d - Summon Horrible Things         Summoning                    8
   Trog disapproves of the use of such an item.
Comestibles
 c - 3 bread rations
 B - 11 fruits
 J - a chunk of flesh


   Skills:
 - Level 2.6 Fighting
 + Level 7.7 Long Blades
 - Level 1.5 Armour
 - Level 1.5 Dodging


You had 6 spell levels left.
You didn't know any spells.

Dungeon Overview and Level Annotations

Branches:
Dungeon (4/15)
 Temple: D:4-7

Altars:
Xom


Innate Abilities, Weirdness & Mutations

You have extremely sharp teeth.
You heal very quickly.
When hurt, damage is shared between your health and your magic reserves.
Your bite disrupts and absorbs the magic of your enemies.
Potions and wands cannot restore your health.
You are immune to rotting.


Message History

You see here a curare-tipped needle.
Drink which item? (? for menu, Esc to quit)
Okay, then.
* * * LOW HITPOINT WARNING * * *
You feel very sick.
The kobold unwields an uncursed blowgun.
The kobold hits you.
* * * LOW HITPOINT WARNING * * *
Unknown command.
Drink which item? (? for menu, Esc to quit)
It was a potion of resistance.
You feel protected.
* * * LOW HITPOINT WARNING * * *
You feel very sick. The kobold hits you but does no damage.
The phantom barely misses you.
Drink which item? (? for menu, Esc to quit)
Okay, then.
You hit the kobold. Your bite misses the kobold.
The kobold is severely wounded.
You die...

##.#....#+# #####'#...
#...+... #####'##...
###..#.......
#....+.......
#############'#.......
#...W...(.(.....#'####
#...K@((........+...#.
#...............#...#.
#...............#...'.
#...............######
#################


You could see a phantom and a kobold.

Vanquished Creatures
  A sky beast (D:3)
  A phantom (D:4)
  3 crimson imps (D:4)
  A hound (D:4)
  An orc wizard (D:4)
  Jessica (D:2)
  2 worker ants (D:4)
  A worker ant zombie (D:4)
  4 gnolls (D:4)
  5 adders
  2 oozes
  3 worms (D:2)
  5 orcs (D:4)
  A giant cockroach (D:3)
  14 hobgoblins
  8 kobolds
  A quokka (D:2)
  2 ball pythons
  9 bats
  A giant gecko (D:3)
  8 giant newts
  9 goblins
  A quokka skeleton (D:4)
  7 rats
91 creatures vanquished.

Notes
Turn   | Place    | Note
--------------------------------------------------------------
     0 | D:1      | onwiheg the Vine Stalker Berserker began the quest for the Orb.
     0 | D:1      | Reached XP level 1. HP: 11/11 MP: 2/2
    66 | D:1      | Reached skill level 3 in Long Blades
    99 | D:1      | Reached XP level 2. HP: 11/16 MP: 3/3
   501 | D:1      | Reached XP level 3. HP: 16/19 MP: 4/4
   768 | D:1      | Acquired Trog's second power
  1098 | D:2      | Reached skill level 4 in Long Blades
  1099 | D:2      | Noticed Jessica
  1106 | D:2      | Killed Jessica
  1106 | D:2      | Reached XP level 4. HP: 3/23 MP: 5/5
  1968 | D:3      | Noticed a sky beast
  1972 | D:3      | Reached skill level 5 in Long Blades
  1978 | D:3      | Killed a sky beast
  1978 | D:3      | Reached XP level 5. HP: 27/27 MP: 6/6
  2368 | D:3      | Gained mutation: You heal very quickly. [Vine Stalker growth]
  2368 | D:3      | Reached XP level 6. HP: 32/32 MP: 7/7
  2432 | D:3      | Reached skill level 6 in Long Blades
  2508 | D:4      | Got a bloodstained ring mail
  3070 | D:4      | Found a shimmering altar of Xom.
  3168 | D:4      | Reached skill level 7 in Long Blades
  3168 | D:4      | Reached XP level 7. HP: 25/35 MP: 8/8
  3480 | D:4      | Succumbed to kobold's curare-tipped needle

Vault maps used:
D:1:      roderic_chinese_lattice_arrival
D:2:      minmay_misc_feat_chi, uniq_jessica
D:3:      first_bread
D:4:      led_xom_imps, guppyfry_early_lair_pool

Action                   |  1- 3 |  4- 6 |  7- 9 || total
-------------------------+-------+-------+-------++-------
Melee: Falchion          |    80 |   212 |    44 ||   336
Invok: Berserk           |     1 |     1 |       ||     2
  Use: Potion            |       |       |     1 ||     1
  Eat: Chunk             |     1 |     8 |     2 ||    11
